 Dungeon Crawl Stone Soup version 0.28-a0-861-ge64d6db94f (webtiles) character file.

Game seed: 4153026451027529449

81 flotson the Sneak (level 4, -4/35 HPs)
             Began as a Demonspawn Delver on Nov 16, 2021.
             Slain by a wraith (6 damage)
             ... in an ossuary.
             The game lasted 00:03:51 (1053 turns).

flotson the Sneak (Demonspawn Delver)               Turns: 1053, Time: 00:03:52

Health: -4/35      AC:  5    Str: 13    XL:     4   Next: 19%
Magic:  4/4        EV: 11    Int: 11    God:
Gold:   0          SH:  4    Dex: 15    Spells: 3/3 levels left

rFire   . . .      SeeInvis .   a - +0 hand axe
rCold   . . .      Faith    .   (no shield)
rNeg    . . .      Spirit   .   f - +0 ring mail
rPois   .          Reflect  .   (no helmet)
rElec   .          Harm     .   (no cloak)
rCorr   .          Rampage  .   (no gloves)
Will    .....                   (no boots)
Stlth   ++........              (no amulet)
HPRegen 0.11/turn               (no ring)
MPRegen 0.18/turn               (no ring)

@: mighty, attractive, slowed, very slow
A: magic regeneration, condensation shield
a: no special abilities


You were in an ossuary.
You visited 1 branch of the dungeon, and saw 2 of its levels.
You also visited: Ossuary.

Inventory:

Hand Weapons
 a - a +0 hand axe (weapon)
 b - a +0 hunting sling
Missiles
 j - 6 stones (quivered)
Armour
 f - a +0 ring mail (worn)
 i - a +0 leather armour
Wands
 g - a wand of digging (3)
Scrolls
 c - a scroll of fog
Potions
 d - a potion of might
 h - a potion of attraction


   Skills:
 + Level 3.5 Fighting
 + Level 2.5 Axes
 + Level 1.5 Armour
 + Level 2.5 Dodging
 - Level 4.5 Stealth


You had 3 spell levels left.
You didn't know any spells.
Your spell library was empty.

Dungeon Overview and Level Annotations

Branches:
Dungeon (5/15)            Ossuary (1/1)
 Temple: D:4-7

Altars:
Dithmenos
Yredelemnul
The Shining One


Innate Abilities, Weirdness & Mutations

You regenerate magic rapidly.
A meltable shield of frost defends you. (SH +4)


Message History

The wraith hits you but does no damage.
You hit the wraith.
The wraith is moderately damaged.
The wraith barely misses you.
You closely miss the wraith.
The wraith is moderately damaged.
The wraith hits you but does no damage.
You hit the wraith.
The wraith is heavily damaged.
The wraith hits you!
You hit the wraith.
The wraith is heavily damaged.
The wraith closely misses you.
It was a potion of attraction.
You feel attractive to monsters. The wraith hits you.
The wraith drains your vigour!
You feel yourself slow down.
You hit the wraith but do no damage.
The wraith is heavily damaged.
The wraith hits you. The wraith hits you!
* * * LOW HITPOINT WARNING * * *
The wraith drains your vigour!
You feel as though you will be slow longer.
Okay, then.
Unknown command.
Okay, then.
Unknown command.
You closely miss the wraith.
The wraith is heavily damaged.
The wraith barely misses you. The wraith hits you but does no damage.
You hit the wraith.
The wraith is heavily damaged.
You block the wraith's attack. x2
You completely miss the wraith.
The wraith is heavily damaged.
The wraith hits you but does no damage. x2
You hit the wraith.
The wraith is severely damaged.
The wraith hits you.
You die...

#####+#####
#.....W@..##
#...##'##...## .
.##...##...## .
##..!?.##...# ..
#.???!?.#...+
...##..!..##...#
#...##...##...##
#...#####...## .
##.........##...


You could see a wraith.

Vanquished Creatures
  A bullfrog skeleton (D:4)
  An iguana (D:4)
  A mummy (Ossuary)
  A dart slug (D:4)
  2 goblins (D:4)
  A hobgoblin (D:4)
  A gnoll skeleton (Ossuary)
  8 orc skeletons (Ossuary)
16 creatures vanquished.

Notes
Turn   | Place    | Note
-------+----------+-------------------------------------------
     0 | D:5      | flotson the Demonspawn Delver began the quest for the Orb.
     0 | D:5      | Reached XP level 1. HP: 18/18 MP: 1/1
    40 | D:5      | Noticed an iguana
   119 | D:4      | Reached skill level 1 in Armour
   119 | D:4      | Gained mutation: You regenerate magic rapidly. [demonic
                  | ancestry]
   119 | D:4      | Reached XP level 2. HP: 17/24 MP: 2/2
   119 | D:4      | Reached XP level 3. HP: 21/29 MP: 3/3
   224 | D:4      | Found a basalt altar of Yredelemnul.
   263 | D:4      | Found a shadowy altar of Dithmenos.
   303 | D:4      | Found a sand-covered staircase.
   309 | Ossuary  | Entered an ossuary
   309 | Ossuary  | Noticed a wraith
   309 | Ossuary  | Noticed a wraith
   309 | Ossuary  | Noticed a wraith
   600 | Ossuary  | Gained mutation: A meltable shield of frost defends you.
                  | (SH +4) [demonic ancestry]
   600 | Ossuary  | Reached XP level 4. HP: 35/35 MP: 4/4
   683 | Ossuary  | HP: 1/35 [mummy (6)]
  1024 | Ossuary  | Noticed a wraith
  1047 | Ossuary  | HP: 1/35 [wraith (11)]
  1053 | Ossuary  | Slain by a wraith

Illustrated notes

Levels and vault maps discovered:
D:4:      layout_loops_cross, makhleb_heckhound_becter,
          minmay_overflow_temple_star_quad, nicolae_ossuary_entry_plus,
          grunt_decor_arrowhead
D:5:      layout_rooms, lemuel_doored_altar, minmay_temple_entry_slanted,
          eino_tiny_chamber, kennysheep_generic_room_8
Ossuary:  ossuary_due_mausoleum

Skill      XL: |  1 |
---------------+----+-----
Axes           | 2 |  2.5
Armour         | 1 |  1.5
Dodging        | 2 |  2.5
Fighting       | |  3.5
Stealth        | |  4.5

Action                   |  1- 3 |  4- 6 || total
-------------------------+-------+-------++-------
Melee: Hand axe          |    37 |    20 ||    57
 Fire: Hunting sling     |    27 |    11 ||    38
  Use: Scroll            |     2 |       ||     2
       Potion            |     1 |     2 ||     3
Armor: Leather armour    |     5 |       ||     5
       Ring mail         |     2 |     7 ||     9
Dodge: Dodged            |    24 |     3 ||    27
Block: Other             |       |     3 ||     3

Table legend: (Time is in decaauts)
 A = Elapsed time spent in this place.
 B = Non-inter-level travel time spent in this place.
 C = Inter-level travel time spent in this place.
 D = Time resting spent in this place.
 E = Time spent auto-exploring this place.
 F = Levels seen in this place.
 G = Mean time per level.
                   A        B        C        D        E       F      G
               +--------+--------+--------+--------+--------+-----+--------+
         Total |   1049 |   1049 |      0 |     20 |    651 |   3 |  349.7 |
       Dungeon |    297 |    297 |      0 |     20 |     54 |   2 |  148.5 |
       Ossuary |    752 |    752 |      0 |      0 |    597 |   1 |  752.0 |
               +--------+--------+--------+--------+--------+-----+--------+

Top non-repeatable levels by time:
 Ossuary: 752 daAuts
     D:4: 251 daAuts
     D:5: 46 daAuts
